 Dungeon Crawl Stone Soup version 0.31-a0-142-g31f6795574 (webtiles) character file.

Game seed: 9824782509493902259

21525 Kenran the Carver (level 13, 0/100 (103) HPs)
             Began as a Human Gladiator on June 2, 2023.
             Was a Priest of Ru.
             Succumbed to an adder's poison
             ... on level 1 of the Lair of Beasts on June 3, 2023.
             The game lasted 00:19:15 (11850 turns).

Kenran the Carver (Human Gladiator)                Turns: 11850, Time: 00:19:15

HP:   0/100 (103)   AC:  7    Str: 15    XL:     13   Next: 20%
MP:   13/13         EV: 34    Int:  8    God:    Ru [***...]
Gold: 873           SH:  0    Dex: 20    Spells: 12/12 levels left

rFire   . . .        b - +3 scimitar (flame)
rCold   . . .        (no shield)
rNeg    + . .        m - +3 robe of Clouds {*Thunder rCloud rElec}
rPois   .            c - +0 helmet
rElec   +            (no cloak)
rCorr   .            A - +0 pair of gloves
SInv    .            j - +0 pair of boots
Will    .....        s - amulet of the acrobat
Stlth   +++          n - ring of positive energy
HPRegen 0.36/turn    y - +4 ring of protection
MPRegen 0.13/turn

%: acrobat
@: lethally poisoned (0 -> -1), acrobatic, lightly drained, unable to drink
A: inability to drink after injury 2, no poison magic, no summoning magic, no
transmutations magic, reduced AC 1
a: Renounce Religion, Draw Out Power


You were on level 1 of the Lair of Beasts.
You worshipped Ru.
Ru was most pleased with you.
You visited 3 branches of the dungeon, and saw 15 of its levels.

You collected 873 gold pieces.

Inventory:

Hand Weapons
 a - a +3 scimitar of freezing
 b - a +3 scimitar of flaming (weapon)
Missiles
 d - 4 throwing nets (quivered)
 e - 6 javelins
Armour
 c - a +0 helmet (worn)
 j - a +0 pair of boots (worn)
 m - the +3 robe of Clouds (worn) {*Thunder rCloud rElec}
   (You found it on level 2 of the Dungeon)

   *Thunder:  It occasionally creates storm clouds above nearby enemies.
   rCloud:    It grants its wearer immunity to clouds.
   rElec:     It insulates you from electricity.
 A - a +0 pair of gloves (worn)
Jewellery
 n - a ring of positive energy (left hand)
 s - an amulet of the acrobat (around neck)
 y - a +4 ring of protection (right hand)
 C - a ring of resist corrosion
 J - a +6 ring of dexterity
Wands
 r - a wand of acid (10)
 w - a wand of paralysis (13)
 L - a wand of polymorph (3)
Scrolls
 i - 2 scrolls of enchant armour
 k - 2 scrolls of enchant weapon
 l - 2 scrolls of silence
 o - 9 scrolls of teleportation
 u - 2 scrolls of immolation {!r}
 z - 2 scrolls of magic mapping
 G - a scroll of poison
 I - a scroll of vulnerability {unknown}
 K - a scroll of fear {unknown}
Potions
 f - 5 potions of curing {@q1}
 g - 3 potions of attraction {!q}
 h - 4 potions of heal wounds {@q2}
 p - a potion of lignification {unknown}
 q - 3 potions of might {unknown}
 t - 2 potions of cancellation {unknown}
 v - 2 potions of magic {unknown}
 x - 2 potions of brilliance {unknown}
 B - 5 potions of degeneration {unknown}
 D - a potion of invisibility {unknown}
 E - 2 potions of haste {unknown}
 H - 2 potions of mutation {unknown}


   Skills:
 - Level 10.0 Fighting
 - Level 14.0 Long Blades
 - Level 2.0 Throwing
 + Level 10.7 Dodging
 - Level 6.0 Stealth
 - Level 6.0 Evocations


You had 12 spell levels left.
You didn't know any spells.
Your spell library contained the following spells:

 Spells                   Type           Power      Damage    Failure   Level
 Blink                    Tloc           0%         N/A       54%         2
 Lesser Beckoning         Tloc           0%         N/A       54%         2
 Momentum Strike          Conj/Tloc      0%         3d8       54%         2
 Portal Projectile        Hex/Tloc       0%         N/A       78%         3
 Leda's Liquefaction      Hex/Erth       0%         N/A       99%         4
 Call Canine Familiar     Summ           Unusable   N/A       N/A         3
 Summon Ice Beast         Ice/Summ       Unusable   N/A       N/A         4
 Summon Mana Viper        Hex/Summ       Unusable   N/A       N/A         5
 Monstrous Menagerie      Summ           Unusable   N/A       N/A         7

Dungeon Overview and Level Annotations

Branches:
Dungeon (13/15)            Temple (1/1) D:6            Lair (1/5) D:10
    Orc: D:9-12      Vaults: D:13-14

Altars:
Ashenzari
Cheibriados
Dithmenos
Elyvilon
Fedhas
Gozag
Hepliaklqana
Kikubaaqudgha
Makhleb
Nemelex Xobeh
Okawaru
Qazlal
Ru
Sif Muna
Trog
Uskayaw
Vehumet
Wu Jian
Xom
Yredelemnul
Zin
The Shining One

Annotations:
D:4 1 runed translucent door, blade888's ghost, amateur DsCj
D:12 Rupert


Innate Abilities, Weirdness & Mutations

You sometimes lose the ability to drink potions when taking damage.
You cannot study or cast Poison magic.
You cannot study or cast Summoning magic.
You cannot study or cast Transmutations magic.
You take slightly more damage. (AC -5)


Message History

You hit the adder. You burn the adder.
The adder is moderately wounded.
* * * LOW HITPOINT WARNING * * *
You feel sick. The adder misses you.
The adder is stunned by your conviction and fails to attack.
Storm clouds gather above the adder.
* * * LOW HITPOINT WARNING * * *
You feel very sick.
The adder is engulfed in a thunderstorm.
You kill the adder!
The adder completely misses you.
You cannot drink potions in your current state!
Unknown command.
You closely miss the adder.
* * * LOW HITPOINT WARNING * * *
You feel sick. The adder misses you.
You barely miss the adder.
* * * LOW HITPOINT WARNING * * *
You feel sick.
You miss the adder.
* * * LOW HITPOINT WARNING * * *
You feel sick. The adder completely misses you.
Okay, then.
You slash the adder! You burn the adder.
You kill the adder!
* * * LOW HITPOINT WARNING * * *
You feel sick.
* * * LOW HITPOINT WARNING * * *
You feel sick.
* * * LOW HITPOINT WARNING * * *
You feel sick.
* * * LOW HITPOINT WARNING * * *
You feel sick.
* * * LOW HITPOINT WARNING * * *
You feel sick.
You cannot drink potions in your current state!
Unknown command.
Okay, then.
You feel less exhausted.
You die...

##>...#.....## .......
###........## ###...#P##.
####..#...#..#########.#... #
## ...............°§........##
# .#.#...#...#.##.☼.^.......#
§.
.###........####○#.#.#...###.
... .#
##...........†............§...
.##
###.........†##...P....P.....
.P######...#####@#.S...P.....
..##.####.## ###.###.........
......##..####.#○# #.........
..###...........○# #.........
.## #####.......§# #..P......
.# #.###P#### #.P....... .#
#.# ### #..P..P... .. ..#
##..P(.... ## #### ##..P.)(.


There were no monsters in sight!

Vanquished Creatures
  Josephine (D:10)
  Erica (D:8)
  3 boulder beetles
  A catoblepas (D:10)
  Sonja (D:12)
  2 deep elf pyromancers (D:12)
  A wolf spider (Lair:1)
  2 ugly things
  A black mamba (Lair:1)
  Maggie (Lair:1)
  2 rime drakes (Lair:1)
  2 cane toads (Lair:1)
  An unseen horror (D:10)
  An efreet (D:9)
  2 komodo dragons
  2 trolls
  3 hornets
  A slime creature (D:12)
  A vampire (D:8)
  2 shadows
  28 yaks
  3 wyverns
  A basilisk (Lair:1)
  6 wraiths
  3 wargs (D:10)
  An acid dragon (D:10)
  6 water moccasins
  2 orc warriors
  3 ice beasts
  2 ogres
  5 wolves
  2 centaurs
  A phantom (D:6)
  2 kobold brigands
  A wyvern zombie (D:5)
  6 scorpions
  8 bullfrogs
  A water moccasin zombie (D:5)
  12 wights
  11 killer bees
  2 howler monkeys (D:7)
  3 electric eels (D:8)
  2 orc priests
  A sleepcap (D:5)
  2 hounds
  3 jellies
  2 gnoll boudas
  3 iguanas
  9 orc wizards
  13 adders
  12 gnolls
  3 white imps
  An ufetubus (D:4)
  4 dart slugs
  14 orcs
  4 bats
  4 endoplasms
  4 giant cockroaches
  8 goblins
  11 hobgoblins
  15 kobolds
  2 quokkas (D:4)
  6 ball pythons
  A frilled lizard (D:2)
  3 rats
267 creatures vanquished.

Vanquished Creatures (others)
  An unseen horror (D:10)
  An orc wizard (D:10)
2 creatures vanquished.

Grand Total: 269 creatures vanquished

Notes
Turn   | Place    | Note
-------+----------+-------------------------------------------
     0 | D:1      | Kenran the Human Gladiator began the quest for the Orb.
     0 | D:1      | Reached XP level 1. HP: 16/16 MP: 1/1
   169 | D:1      | Reached XP level 2. HP: 19/22 MP: 2/2
   605 | D:1      | Reached skill level 4 in Long Blades
   605 | D:1      | Reached XP level 3. HP: 27/27 MP: 3/3
  1059 | D:2      | Found the +3 robe of Clouds {*Thunder rCloud rElec}
  1139 | D:2      | Reached XP level 4. HP: 28/33 MP: 4/4
  1206 | D:3      | Found a hazy altar of Hepliaklqana.
  1349 | D:3      | Noticed a scorpion
  1355 | D:3      | Upgraded the game from 0.31-a0-133-gaae73658be to
                  | 0.31-a0-142-g31f6795574
  1367 | D:3      | Killed a scorpion
  1368 | D:3      | Reached skill level 5 in Long Blades
  1368 | D:3      | Reached XP level 5. HP: 33/38 MP: 5/5
  1628 | D:3      | Reached skill level 6 in Long Blades
  1792 | D:4      | Reached XP level 6. HP: 42/44 MP: 6/6
  1821 | D:4      | Found a runed translucent door.
  1822 | D:4      | Noticed blade888's ghost (amateur DsCj)
  2144 | D:5      | Entered Level 5 of the Dungeon
  2205 | D:5      | Noticed an ice beast
  2214 | D:5      | Reached skill level 7 in Long Blades
  2222 | D:5      | Killed an ice beast
  2223 | D:5      | Reached XP level 7. HP: 26/50 MP: 7/7
  2641 | D:5      | Reached skill level 8 in Long Blades
  2643 | D:5      | Noticed a troll
  2647 | D:5      | Killed a troll
  2648 | D:5      | Reached XP level 8. HP: 30/56 MP: 8/8
  2848 | D:5      | Reached skill level 9 in Long Blades
  3220 | D:5      | Found a basalt altar of Yredelemnul.
  3431 | D:5      | Reached skill level 10 in Long Blades
  3781 | D:6      | Reached XP level 9. HP: 63/64 MP: 9/9
  3859 | D:6      | Found a staircase to the Ecumenical Temple.
  3873 | Temple   | Entered the Ecumenical Temple
  3882 | Temple   | Became a worshipper of Ru the Awakened
  4263 | D:7      | Reached skill level 5 in Dodging
  4298 | D:7      | Reached skill level 5 in Fighting
  4990 | D:8      | Gained mutation: You occasionally lose the ability to drink
                  | potions when taking damage. [Ru sacrifice]
  4990 | D:8      | Gained mutation: You sometimes lose the ability to drink
                  | potions when taking damage. [Ru sacrifice]
  4990 | D:8      | Reached * piety under Ru
  4999 | D:8      | Reached skill level 1 in Stealth
  5096 | D:8      | Reached skill level 11 in Long Blades
  5096 | D:8      | Reached XP level 10. HP: 62/74 MP: 10/10
  5479 | D:8      | Noticed Erica
  5482 | D:8      | Paralysed by Erica for 3 turns
  5495 | D:8      | Reached skill level 12 in Long Blades
  5499 | D:8      | Killed Erica
  5793 | D:8      | Found a glowing golden altar of the Shining One.
  5824 | D:8      | Found a shimmering blue altar of Sif Muna.
  7103 | D:9      | Reached XP level 11. HP: 61/79 MP: 11/11
  7294 | D:10     | Entered Level 10 of the Dungeon
  7299 | D:10     | Noticed Josephine
  7478 | D:10     | Reached skill level 10 in Dodging
  7711 | D:10     | Found a staircase to the Lair.
  7731 | D:10     | Gained mutation: You take slightly more damage. (AC -5) [Ru
                  | sacrifice]
  7731 | D:10     | Reached ** piety under Ru
  7795 | D:10     | Killed Josephine
  8117 | D:10     | Reached skill level 13 in Long Blades
  8286 | D:9      | Noticed a red ugly thing
  8291 | D:9      | Noticed a boulder beetle
  8293 | D:9      | Killed a red ugly thing
  8327 | D:10     | HP: 2/79 [boulder beetle (18)]
  8330 | D:10     | Killed a boulder beetle
  8665 | D:9      | Noticed a boulder beetle
  8688 | D:9      | Killed a boulder beetle
  9009 | D:10     | Reached skill level 14 in Long Blades
  9331 | D:11     | You fall into a shaft and drop 2 floors!
  9506 | D:12     | Noticed a deep elf pyromancer
  9507 | D:12     | Noticed a deep elf pyromancer
  9511 | D:12     | Killed a deep elf pyromancer
  9514 | D:12     | Killed a deep elf pyromancer
  9515 | D:12     | Reached XP level 12. HP: 84/89 MP: 12/12
  9795 | D:12     | Noticed Sonja
  9801 | D:12     | Killed Sonja
  9968 | D:12     | Noticed Rupert
 10034 | D:11     | Reached skill level 5 in Stealth
 10164 | D:11     | Noticed a boulder beetle
 10180 | D:11     | Killed a boulder beetle
 10282 | D:11     | Noticed a two-headed ogre
 10289 | D:11     | Found a faded altar of an unknown god.
 10492 | Lair:1   | Entered Level 1 of the Lair of Beasts
 10500 | Lair:1   | Noticed Maggie
 10505 | Lair:1   | Noticed a catoblepas
 10511 | Lair:1   | Killed Maggie
 10555 | Lair:1   | Reached skill level 5 in Evocations
 10586 | D:10     | Killed a catoblepas
 11151 | D:10     | Gained mutation: You cannot study or cast Poison magic. [Ru
                  | sacrifice]
 11151 | D:10     | Gained mutation: You cannot study or cast Transmutations
                  | magic. [Ru sacrifice]
 11151 | D:10     | Gained mutation: You cannot study or cast Summoning magic.
                  | [Ru sacrifice]
 11151 | D:10     | Reached *** piety under Ru
 11206 | Lair:1   | Reached XP level 13. HP: 88/101 MP: 13/13
 11444 | Lair:1   | Reached skill level 10 in Fighting
 11835 | Lair:1   | HP: 3/103 [wolf spider (17)]
 11844 | Lair:1   | HP: 5/100 [poisoned by an adder]
 11847 | Lair:1   | HP: 2/100 [poisoned by an adder]
 11850 | Lair:1   | Succumbed to an adder's poison

Illustrated notes

Levels and vault maps discovered:
D:1:      minmay_arrival_stone_box, layout_basic
D:2:      layout_rooms
D:3:      layout_rooms, nicolae_hepliaklqana_hazy_memory,
          hangedman_decor_peaks_small
D:4:      layout_basic, ebering_ghost_reflecting_pool
D:5:      layout_loops_ring, lemuel_zombie_altar_yredelemnul
D:6:      layout_basic, minmay_temple_entry_waves
D:7:      layout_loops_ring
D:8:      layout_basic, mainiacjoe_overflow_two_lobes, chequers_big_river,
          uniq_erica
D:9:      cheibrodos_elevator_heist, layout_loops_corners, fountainhead
D:10:     layout_long_grid, erik_lair_orcish_takeover, uniq_josephine
D:11:     layout_cave_pools, david_orc_1_choice, serial_column_ruins,
          column_ruins_temple_circle, column_ruins_hut_water,
          column_ruins_grid_2, column_ruins_columns_straight,
          column_ruins_columns_water, column_ruins_open_large,
          column_ruins_grid_1, uniq_urug
D:12:     layout_small_grid, minmay_librarian, uniq_rupert, uniq_sonja
D:13:     layout_roguey, erik_vaults_1
Temple:   nicolae_temple_no_exploring_needed
Lair:1:   minmay_lair_venomous_thicket, layout_loops_ring,
          grunt_forest_large_clearings, uniq_maggie

Skill      XL: |  1  2  3  4  5  6  7  8  9 10 11 12 13 |
---------------+----------------------------------------+-----
Long Blades    | 4 5 6 7 8 10 11 12 14 | 14.0
Fighting       | 3 5 6 9 10 | 10.0
Dodging        | 4 5 9 10 | 10.7
Evocations     | 3 6 |  6.0
Stealth        | 3 6 |  6.0
Throwing       | |  2.0

Action                     |  1- 3 |  4- 6 |  7- 9 | 10-12 | 13-15 || total
---------------------------+-------+-------+-------+-------+-------++-------
  Melee: Long sword        |    91 |    95 |    95 |       |       ||   281
         Punch             |       |       |     3 |    11 |       ||    14
         Scimitar          |       |       |    70 |   412 |    62 ||   544
 Invoke: Sacrifice Drink   |       |       |     1 |       |       ||     1
         Sacrifice Health  |       |       |       |     1 |       ||     1
         Sacrifice Arcana  |       |       |       |     1 |       ||     1
         Draw Out Power    |       |       |       |       |     1 ||     1
  Evoke: Wand              |       |       |       |     6 |       ||     6
    Use: Potion            |       |     2 |       |       |       ||     2
         Scroll            |       |     4 |     2 |     5 |     2 ||    13
   Stab: Sleeping          |     3 |     2 |     1 |     2 |     1 ||     9
         Distracted        |       |       |     1 |     2 |     1 ||     4
         Paralysed         |       |       |       |    14 |       ||    14
         Petrified         |       |       |       |     3 |       ||     3
 Armour: Leather armour    |    24 |       |       |       |       ||    24
         Robe              |     3 |    29 |    30 |    59 |     7 ||   128
  Dodge: Dodged            |    65 |    79 |    88 |   308 |    48 ||   588

Table legend: (Time is in decaauts)
 A = Elapsed time spent in this place.
 B = Non-inter-level travel time spent in this place.
 C = Inter-level travel time spent in this place.
 D = Time resting spent in this place.
 E = Time spent auto-exploring this place.
 F = Levels seen in this place.
 G = Mean time per level.
                   A        B        C        D        E       F      G
               +--------+--------+--------+--------+--------+-----+--------+
         Total |  11767 |  11360 |    407 |   3069 |   5903 |  15 |  784.5 |
       Dungeon |  11040 |  10650 |    390 |   3022 |   5439 |  13 |  849.2 |
        Temple |     18 |      2 |     16 |      0 |      0 |   1 |   18.0 |
          Lair |    708 |    708 |      0 |     47 |    464 |   1 |  708.0 |
               +--------+--------+--------+--------+--------+-----+--------+

Top non-repeatable levels by time:
     D:9: 1874 daAuts
    D:10: 1826 daAuts
     D:5: 1414 daAuts
     D:8: 1411 daAuts
     D:1: 787 daAuts
  Lair:1: 708 daAuts
     D:7: 674 daAuts
     D:6: 665 daAuts
    D:12: 589 daAuts
     D:3: 568 daAuts
     D:2: 421 daAuts
     D:4: 392 daAuts
    D:11: 381 daAuts
    D:13: 33 daAuts
  Temple: 18 daAuts
